3AA
VIRGINIA BEACH DEUCES @ IRVING BLUE SOX
07/25/2033
 
TOP OF THE 1ST
Virginia Beach Deuces batting - Pitching for Irving Blue Sox : RHP John Rigsby
Pitching: RHP John Rigsby
Batting: RHB Luis Díaz 0-0: Foul Ball, location: 2F
0-1: Swinging Strike
0-2: Ground out 3-1 (Groundball, 34S)
Batting: RHB Stephen McManus 0-0: SINGLE (Flyball, 9LM)
Batting: RHB Clarence Weber 0-0: Ball
1-0: Ball
2-0: Called Strike
2-1: Grounds into double play, 6-4-3 (Groundball, 6)
Top of the 1st over - 0 runs, 1 hit, 0 errors, 0 left on base; Virginia Beach 0 - Irving 0
BOTTOM OF THE 1ST
Irving Blue Sox batting - Pitching for Virginia Beach Deuces : RHP Anastasio Cabanillas Jr.
Pitching: RHP Anastasio Cabanillas Jr.
Batting: RHB Cisco Hernández 0-0: Ball
1-0: Swinging Strike
1-1: Called Strike
1-2: Ground out U3 (Groundball, 34S)
Batting: RHB Carlos Garza 0-0: Called Strike
0-1: Bunt missed!
0-2: Foul Ball, location: 2F
0-2: Ball
1-2: Ground out 6-3 (Groundball, 6)
Batting: LHB Salvador Ramírez 0-0: Swinging Strike
0-1: Ball
1-1: Swinging Strike
1-2: Strikes out swinging
Bottom of the 1st over - 0 runs, 0 hits, 0 errors, 0 left on base; Virginia Beach 0 - Irving 0
TOP OF THE 2ND
Virginia Beach Deuces batting - Pitching for Irving Blue Sox : RHP John Rigsby
Batting: SHB Iikka Karpinen 0-0: Ball
1-0: Fly out, F9 (Flyball, 89D)
Batting: LHB Félix González 0-0: SOLO HOME RUN (Flyball, 9LD), Distance : 364 ft
Batting: RHB James Hill 0-0: Called Strike
0-1: Called Strike
0-2: Strikes out swinging
Batting: RHB Juan González 0-0: Fly out, F9 (Flyball, 9S)
Top of the 2nd over - 1 run, 1 hit, 0 errors, 0 left on base; Virginia Beach 1 - Irving 0
BOTTOM OF THE 2ND
Irving Blue Sox batting - Pitching for Virginia Beach Deuces : RHP Anastasio Cabanillas Jr.
Batting: LHB Juan Jimínez 0-0: Ball
1-0: Called Strike
1-1: Fly out, F7 (Line Drive, 7)
Batting: RHB Greg Bugarin 0-0: Ball
1-0: SOLO HOME RUN (Line Drive, 7LD), Distance : 371 ft
Batting: RHB Enrique Gómez 0-0: Fly out, F7 (Flyball, 7LSF)
Batting: LHB Ricardo Ríos 0-0: Ground out U3 (Groundball, 3)
Bottom of the 2nd over - 1 run, 1 hit, 0 errors, 0 left on base; Virginia Beach 1 - Irving 1
TOP OF THE 3RD
Virginia Beach Deuces batting - Pitching for Irving Blue Sox : RHP John Rigsby
Batting: RHB Gerardo Espinoza 0-0: Called Strike
0-1: Ball
1-1: Ball
2-1: Ball
3-1: Called Strike
3-2: Base on Balls
Batting: RHB Juan Carlos López 0-0: Swinging Strike
0-1: Foul Ball, location: 2F
0-2: Grounds into double play, 5-4-3 (Groundball, 56)
Batting: RHB Luis Díaz 0-0: Called Strike
0-1: Fly out, F9 (Flyball, 9S)
Top of the 3rd over - 0 runs, 0 hits, 0 errors, 0 left on base; Virginia Beach 1 - Irving 1
BOTTOM OF THE 3RD
Irving Blue Sox batting - Pitching for Virginia Beach Deuces : RHP Anastasio Cabanillas Jr.
Batting: SHB Ryan Wood 0-0: Called Strike
0-1: Swinging Strike
0-2: Fly out, F8 (Flyball, 78M)
Batting: LHB Gidde Collin 0-0: Foul Ball, location: 2F
0-1: Ball
1-1: Ball
2-1: Called Strike
2-2: Ball
3-2: Fly out, F9 (Flyball, 9S)
Batting: RHB Cisco Hernández 0-0: Ball
1-0: Foul Ball, location: 2F
1-1: Called Strike
1-2: Strikes out looking
Bottom of the 3rd over - 0 runs, 0 hits, 0 errors, 0 left on base; Virginia Beach 1 - Irving 1
TOP OF THE 4TH
Virginia Beach Deuces batting - Pitching for Irving Blue Sox : RHP John Rigsby
Batting: RHB Stephen McManus 0-0: Called Strike
0-1: Ball
1-1: Foul Ball, location: 2F
1-2: Foul Ball, location: 2F
1-2: Ball
2-2: Ball
3-2: Strikes out swinging
Batting: RHB Clarence Weber 0-0: SINGLE (Line Drive, 3)
Batting: SHB Iikka Karpinen 0-0: Ball
1-0: Ball
2-0: Called Strike
2-1: Called Strike
2-2: Fly out, F9 (Flyball, 9LS)
Now in RF: Ed Gordon
Batting: LHB Félix González 0-0: Ball
1-0: Ground out 4-3 (Groundball, 4)
Top of the 4th over - 0 runs, 1 hit, 0 errors, 1 left on base; Virginia Beach 1 - Irving 1
BOTTOM OF THE 4TH
Irving Blue Sox batting - Pitching for Virginia Beach Deuces : RHP Anastasio Cabanillas Jr.
Batting: RHB Carlos Garza 0-0: Called Strike
0-1: Foul Ball, location: 2F
0-2: Ball
1-2: Ground out 6-3 (Groundball, 6)
Batting: LHB Ed Gordon 0-0: Called Strike
0-1: SINGLE (Flyball, 78M)
Batting: LHB Juan Jimínez 0-0: Called Strike
Ed Gordon steals 2nd base
0-1: Ball
1-1: Foul Ball, location: 2F
1-2: Foul Ball, location: 2F
1-2: Ball
2-2: Foul Ball, location: 2F
2-2: Ball
3-2: Foul Ball, location: 2F
3-2: Base on Balls
Batting: RHB Greg Bugarin 0-0: Ball
Ed Gordon steals 3rd base
1-0: Called Strike
1-1: Ball
2-1: Foul Ball, location: 2F
2-2: Foul Ball, location: 2F
2-2: DOUBLE (Groundball, 5L)
Ed Gordon scores
Juan Jimínez to third
Batting: RHB Enrique Gómez 0-0: Called Strike
0-1: Ball
1-1: Fly out, F4 (Popup, 34S)
Batting: LHB Ricardo Ríos 0-0: Fly out, F8 (Flyball, 8RS)
Bottom of the 4th over - 1 run, 2 hits, 0 errors, 2 left on base; Virginia Beach 1 - Irving 2
TOP OF THE 5TH
Virginia Beach Deuces batting - Pitching for Irving Blue Sox : RHP John Rigsby
Batting: RHB James Hill 0-0: Ball
1-0: Ball
2-0: SINGLE (Groundball, 56S) (infield hit)
Batting: RHB Juan González 0-0: Swinging Strike
0-1: Ball
1-1: Called Strike
1-2: Strikes out swinging
Batting: RHB Gerardo Espinoza 0-0: Called Strike
0-1: Foul Ball, location: 2F
0-2: Ball
1-2: Ball
2-2: Ball
3-2: Ground out 5-3 (Groundball, 56S)
James Hill to second
Batting: RHB Juan Carlos López 0-0: SINGLE (Line Drive, 34D)
James Hill to third
Runner from 3rd tries for Home, SAFE, no throw
Batting: RHB Luis Díaz 0-0: Foul Ball, location: 2F
0-1: Foul Ball, location: 2F
0-2: Fielders Choice at 2nd, 5-4 (Groundball, 5)
Top of the 5th over - 1 run, 2 hits, 0 errors, 1 left on base; Virginia Beach 2 - Irving 2
BOTTOM OF THE 5TH
Irving Blue Sox batting - Pitching for Virginia Beach Deuces : RHP Anastasio Cabanillas Jr.
Batting: SHB Ryan Wood 0-0: Swinging Strike
0-1: Fly out, F8 (Flyball, 8RS)
Batting: LHB Gidde Collin 0-0: Ball
1-0: Called Strike
1-1: SINGLE (Flyball, 7S)
Batting: RHB Cisco Hernández 0-0: Ball
1-0: Ball
2-0: Ball
3-0: Called Strike
3-1: Grounds into double play, 6-4-3 (Groundball, 6)
Bottom of the 5th over - 0 runs, 1 hit, 0 errors, 0 left on base; Virginia Beach 2 - Irving 2
TOP OF THE 6TH
Virginia Beach Deuces batting - Pitching for Irving Blue Sox : RHP John Rigsby
Batting: RHB Stephen McManus 0-0: Swinging Strike
0-1: SINGLE (Groundball, 2L) (infield hit)
Batting: RHB Clarence Weber 0-0: Grounds into double play, 6-4-3 (Groundball, 6)
Batting: SHB Iikka Karpinen 0-0: Ball
1-0: Ball
2-0: Foul Ball, location: 2F
2-1: Swinging Strike
2-2: Ground out 4-3 (Groundball, 4)
Top of the 6th over - 0 runs, 1 hit, 0 errors, 0 left on base; Virginia Beach 2 - Irving 2
BOTTOM OF THE 6TH
Irving Blue Sox batting - Pitching for Virginia Beach Deuces : RHP Anastasio Cabanillas Jr.
Batting: RHB Carlos Garza 0-0: Ball
1-0: Called Strike
1-1: Ball
2-1: Ball
3-1: Bunt for hit - play at first, batter safe!
Batting: LHB Ed Gordon 0-0: Ball
1-0: Foul Ball, location: 2F
1-1: SINGLE (Groundball, 34S) (infield hit)
Carlos Garza to second
Batting: LHB Juan Jimínez 0-0: Called Strike
0-1: Ball
1-1: Swinging Strike
1-2: Ground out 4-3 (Groundball, 4MD)
Carlos Garza to third
Ed Gordon to second
Batting: RHB Greg Bugarin 0-0: Intentional Walk
Batting: RHB Enrique Gómez 0-0: Ball
1-0: Foul Ball, location: 2F
1-1: Ball
2-1: Ball
3-1: Base on Balls
Carlos Garza scores
Ed Gordon to third
Greg Bugarin to second
Batting: LHB Ricardo Ríos 0-0: Called Strike
0-1: Ball
1-1: Ball
2-1: Foul Ball, location: 2F
2-2: Ball
3-2: Fly out, F9 (Flyball, 9LS)
Runner from 3rd tags up, SCORES, no throw
Batting: SHB Ryan Wood 0-0: Foul Ball, location: 2F
0-1: Called Strike
0-2: Foul Ball, location: 2F
0-2: Ball
1-2: Fielders Choice at 2nd, 6-4 (Groundball, 6)
Bottom of the 6th over - 2 runs, 2 hits, 0 errors, 2 left on base; Virginia Beach 2 - Irving 4
TOP OF THE 7TH
Virginia Beach Deuces batting - Pitching for Irving Blue Sox : RHP John Rigsby
Batting: LHB Félix González 0-0: Fly out, F8 (Flyball, 78D)
Batting: RHB James Hill 0-0: Ball
1-0: Foul Ball, location: 2F
1-1: Foul Ball, location: 2F
1-2: Strikes out looking
Batting: RHB Juan González 0-0: Ball
1-0: Fly out, F7 (Flyball, 7S)
Top of the 7th over - 0 runs, 0 hits, 0 errors, 0 left on base; Virginia Beach 2 - Irving 4
BOTTOM OF THE 7TH
Irving Blue Sox batting - Pitching for Virginia Beach Deuces : RHP Anastasio Cabanillas Jr.
Batting: LHB Gidde Collin 0-0: Ball
1-0: Ball
2-0: Ball
3-0: Called Strike
3-1: Hit by Pitch
Batting: RHB Cisco Hernández 0-0: Bunted foul
0-1: Bunted foul
0-2: SINGLE (Line Drive, 8LS)
Gidde Collin to second
Batting: RHB Carlos Garza 0-0: Ball
1-0: Bunted foul
1-1: Sac Bunt - play at first, batter OUT! 1-4
Gidde Collin to third
Cisco Hernández to second
Batting: LHB Ed Gordon 0-0: Ground out 4-3 (Groundball, 34)
Batting: LHB Juan Jimínez 0-0: DOUBLE (Line Drive, 89D)
Gidde Collin scores
Cisco Hernández scores
Batting: RHB Greg Bugarin 0-0: Ground out 5-3 (Groundball, 25)
Bottom of the 7th over - 2 runs, 2 hits, 0 errors, 1 left on base; Virginia Beach 2 - Irving 6
TOP OF THE 8TH
Virginia Beach Deuces batting - Pitching for Irving Blue Sox : RHP John Rigsby
Batting: RHB Gerardo Espinoza 0-0: Ball
1-0: Called Strike
1-1: Ball
2-1: Ball
3-1: Base on Balls
Batting: RHB Juan Carlos López 0-0: Called Strike
0-1: Foul Ball, location: 2F
0-2: Ball
1-2: Foul Ball, location: 2F
1-2: Ball
2-2: Strikes out swinging
Batting: RHB Luis Díaz 0-0: Ball
1-0: Foul Ball, location: 2F
1-1: Ball
2-1: Grounds into double play, 5-4-3 (Groundball, 5)
Top of the 8th over - 0 runs, 0 hits, 0 errors, 0 left on base; Virginia Beach 2 - Irving 6
BOTTOM OF THE 8TH
Irving Blue Sox batting - Pitching for Virginia Beach Deuces : RHP Anastasio Cabanillas Jr.
Batting: RHB Enrique Gómez 0-0: Foul Ball, location: 2F
0-1: Ball
1-1: Foul Ball, location: 2F
1-2: SINGLE (Line Drive, 7S)
Pitching: LHP Gwang-soo Park
Batting: LHB Ricardo Ríos 0-0: Sac Bunt - play at first, batter safe!
Enrique Gómez to second
Batting: SHB Ryan Wood 0-0: Ball
1-0: Called Strike
1-1: 3-RUN HOME RUN (Flyball, 7D), Distance : 398 ft
Batting: LHB Gidde Collin 0-0: Ball
1-0: SINGLE (Line Drive, 7S)
Batting: RHB Cisco Hernández 0-0: Called Strike
0-1: Ball
1-1: Ball
2-1: Called Strike
2-2: Fly out, F9 (Line Drive, 9)
Batting: RHB Carlos Garza 0-0: Ball
1-0: Ball
2-0: SINGLE (Line Drive, 6D)
Gidde Collin to second
Batting: LHB Ed Gordon 0-0: Called Strike
0-1: Fly out, F5 (Popup, 5F)
Batting: LHB Juan Jimínez 0-0: DOUBLE (Flyball, 89D)
Gidde Collin scores
Carlos Garza to third
Runner from 3rd tries for Home, SAFE, throw made at trailing runner, OUT at third!
Bottom of the 8th over - 5 runs, 6 hits, 0 errors, 0 left on base; Virginia Beach 2 - Irving 11
TOP OF THE 9TH
Virginia Beach Deuces batting - Pitching for Irving Blue Sox : RHP John Rigsby
Now at 3B: Javier Sandoval
Now in CF: Hirohisa Wada
Batting: RHB Stephen McManus 0-0: Foul Ball, location: 2F
0-1: Ball
1-1: DOUBLE (Line Drive, 7LS)
Batting: RHB Clarence Weber 0-0: Ball
1-0: Called Strike
1-1: Called Strike
1-2: Ball
2-2: Foul Ball, location: 2F
2-2: Foul Ball, location: 2F
2-2: SINGLE (Line Drive, 89S)
Stephen McManus to third
Batting: SHB Iikka Karpinen 0-0: Ball
1-0: Called Strike
1-1: Fly out, F8 (Flyball, 89S)
Runner from 3rd tags up, SCORES, no throw
Batting: LHB Félix González 0-0: Grounds into double play, 4-6-3 (Groundball, 4)
Top of the 9th over - 1 run, 2 hits, 0 errors, 0 left on base; Virginia Beach 3 - Irving 11
Saturday, December 22nd, 2018 - OOTP Baseball 18.8 Build 76